 Dungeon Crawl Stone Soup version 0.18-a0-183-gad09a0e (webtiles) character file.

116862 patman the Spry (level 16, -5/120 HPs)
             Began as an Octopode Fighter on Nov 21, 2015.
             Was a High Priest of Okawaru.
             Killed from afar by a thorn hunter (21 damage)
             ... with a volley of thorns
             ... on level 1 of the Swamp on Nov 23, 2015.
             The game lasted 01:56:59 (31862 turns).

patman the Spry (Octopode Fighter)                 Turns: 31862, Time: 01:56:59

Health: -5/120     AC:  1    Str: 21    XL:     16   Next: 72%
Magic:  8/8        EV: 30    Int: 15    God:    Okawaru [*****.]
Gold:   1389       SH: 15    Dex: 25    Spells: 2 memorised, 12 levels left

rFire  + . .     SeeInvis .     a - +7 morningstar "Zatiarph" {antimagic, rElec Str+6 Dex+3}
rCold  . . .     Clarity  .     u - +0 shield
rNeg   . . .     SustAt   .     Q - +0 hat of Sin {rCorr Slay+5}
rPois  +         Gourm    .     K - amulet of regeneration
rElec  +         Spirit   .     V - ring of wizardry
rCorr  +         Warding  .     x - ring of flight
rMut   .         Stasis   .     y - +1 ring of evasion
MR     +....                    z - ring of protection from fire
Stlth  +++.......               o - ring of poison resistance
                                P - ring of magical power
                                Z - +5 ring of dexterity
                                F - +3 ring of intelligence

@: somewhat resistant to hostile enchantments, fairly stealthy
A: almost no armour, amphibious, 8 rings, constrict 8, camouflage 1, gelatinous
body 1
a: Heroism, Finesse, Renounce Religion, Evoke Flight


You were on level 1 of the Swamp.
You worshipped Okawaru.
Okawaru was extremely pleased with you.
You were not hungry.

You visited 4 branches of the dungeon, and saw 28 of its levels.
You visited the Abyss 1 time.
You also visited: Labyrinth, Ice Cave and Volcano.

You collected 3071 gold pieces.
You spent 1682 gold pieces at shops.

Inventory:

Hand Weapons
 a - the +7 morningstar "Zatiarph" (weapon) {antimagic, rElec Str+6 Dex+3}
   (Okawaru gifted it to you on level 13 of the Dungeon)

   It disrupts the flow of magical energy around spellcasters and certain
   magical creatures (including the wielder).
   It affects your strength (+6).
   It affects your dexterity (+3).
   It insulates you from electricity.
 b - a +1 whip of electrocution
 p - a +2 flail of draining
Missiles
 g - 4 throwing nets
 B - 475 stones
 C - 5 javelins (quivered)
Armour
 s - a +0 large shield
 u - a +0 shield (worn)
 Q - the +0 hat of Sin (worn) {rCorr Slay+5}
   (Okawaru gifted it to you on level 6 of the Lair of Beasts)

   It affects your accuracy and damage with ranged weapons and melee attacks
   (+5).
   It protects you from acid and corrosion.
Jewellery
 e - an uncursed amulet of clarity
 o - a ring of poison resistance (on tentacle)
 x - a ring of flight (right tentacle)
 y - a +1 ring of evasion (on tentacle)
 z - a ring of protection from fire (on tentacle)
 F - a +3 ring of intelligence (on tentacle)
 H - an uncursed ring of ice
 K - an amulet of regeneration (around mantle)
 P - a ring of magical power (on tentacle)
 V - a ring of wizardry (left tentacle)
 Z - a +5 ring of dexterity (on tentacle)
Wands
 i - a wand of lightning (2)
 r - a wand of lightning (6)
 G - a wand of teleportation (1)
 X - a wand of disintegration (2)
Scrolls
 f - 5 scrolls of enchant weapon
 h - 10 scrolls of remove curse
 j - a scroll of summoning
 k - 6 scrolls of immolation
 n - 4 scrolls of fog
 q - 3 scrolls of recharging
 v - a scroll of amnesia
 I - a scroll of fear
 J - 2 scrolls of blinking
 L - 3 scrolls of teleportation
 R - a scroll of identify
Potions
 c - 4 potions of might
 l - 12 potions of curing
 m - 2 potions of resistance
 t - 6 potions of brilliance
 w - a potion of haste
 A - a potion of ambrosia
 D - 3 potions of flight
 E - a potion of berserk rage
 N - 3 potions of lignification
 O - a potion of magic
 S - 2 potions of invisibility
 T - 3 potions of cancellation
 W - 5 potions of heal wounds
 Y - 4 potions of agility
Comestibles
 d - 9 bread rations
 M - 3 fruits


   Skills:
 - Level 14.4 Fighting
 * Level 15.5 Maces & Flails
 - Level 15.5 Dodging
 - Level 15.2 Shields


You had 12 spell levels left.
You knew the following spells:

 Your Spells              Type           Power        Failure   Level  Hunger
a - Apportation           Tloc           #.........   12%         1    ##.....
b - Blink                 Tloc           N/A          16%         2    ###....


Dungeon Overview and Level Annotations

Branches:
Dungeon (15/15)              Lair (8/8) D:9           Swamp (1/4) Lair:6
  Snake (0/4) Lair:5        Slime (0/6) Lair:6          Orc (4/4) D:11
    Elf (0/3) Orc:3        Vaults (0/5) D:14         Depths (0/5) D:15
 Temple: D:4-7

Altars:
Ashenzari
Cheibriados
Dithmenos
Gozag
Makhleb
Okawaru
Qazlal
Trog
Vehumet
Yredelemnul
The Shining One
Beogh
Lugonu

Shops:
D:9 %   D:12 }(   D:15 !   Orc:2 *   Orc:4 [[(*

Annotations:
D:5 Crazy Yiuf
Lair:3 exclusions: fire drake and hydra
Lair:5 exclusion: oklob plant
Lair:8 wvc's ghost, journeyman NaWn


Innate Abilities, Weirdness & Mutations

You cannot wear most types of armour.
You are amphibious.
You can wear up to eight rings at the same time.
You can use your tentacles to constrict eight enemies at once.
Your skin changes colour to match your surroundings (Stealth).
Your rubbery body absorbs attacks (AC +1).


Message History

The thorn hunter's magic leaks into the air.
The thorn hunter is heavily damaged.
The thorn hunter fires a volley of thorns at you.
The volley of thorns hits you!
Unknown command.
You closely miss the thorn hunter. You squeeze the thorn hunter.
The thorn hunter is heavily damaged.
The thorn hunter hits you!! You block the thorn hunter's attack.
Unknown command.
You puncture the thorn hunter!
The thorn hunter's magic leaks into the air.
The thorn hunter is severely damaged.
The thorn hunter fires a volley of thorns at you.
The volley of thorns hits you!
* * * LOW HITPOINT WARNING * * *
Unknown command.
Unknown command.
The thorn hunter fires a volley of thorns at you.
The volley of thorns hits you!
You die...

♣ ... ♣≈ ≈≈>
..P♣♣♣ ≈≈≈.
..PP.≈♣ .≈≈≈.
.≈PP..§♣♣ ♣♣≈..♣
≈≈PP...@♣♣≈≈≈♣
≈≈≈≈...).....♣♣♣
..≈.♣♣♣..f≈≈...♣
≈≈. ♣...÷....≈.♣
♣ ♣≈...≈........
≈?..≈≈≈≈≈≈≈.§..
....≈≈≈≈≈≈≈≈..≈≈
♣♣♣♣≈≈≈.≈≈≈≈♣≈≈≈
♣♣♣♣>≈≈≈...≈.


You could see a thorn hunter.

Vanquished Creatures
  Rupert (Lair:5)
  Kirke (D:12)
  Roxanne (D:15)
  Louise (D:15)
  An orc warlord (Orc:3)
  The ghost of Duffy the Destroyer, a journeyman DECj of Sif Muna (Lair:8)
  The ghost of nublet the Grappler, a journeyman CeTm of Ru (D:13)
  Snorg (Lair:5)
  3 vault guards (D:14)
  A minotaur (Lab)
  A yaktaur captain (D:15)
  The ghost of nublet the Protected, a journeyman MiSk of Okawaru (Volcano)
  Erica (Orc:1)
  11 hydras
  7 centaur warriors
  12 death yaks
  3 skeletal warriors (D:12)
  2 wizards (D:14)
  2 ice devils (IceCv)
  7 hill giants
  5 orc sorcerers
  A lindwurm (Lair:7)
  3 orc knights
  2 griffons
  4 necromancers
  A cyclops (D:13)
  5 ugly things
  2 ice statues (IceCv)
  2 molten gargoyles (Volcano)
  4 black mambas
  Psyche (D:11)
  8 spiny frogs
  A gargoyle (D:14)
  9 komodo dragons
  7 yaktaurs
  A spriggan druid (Lair:8)
  8 removed
  MONS_BLUE_DEVILs (IceCv)
  A freezing wraith (D:15)
  9 polar bears
  2 fire drakes
  3 trolls
  A minotaur zombie (Lab)
  Grinder (D:5)
  2 giant leeches (Swamp:1)
  3 two-headed ogres
  17 blink frogs
  7 slime creatures
  17 humans (D:14)
  A shadow (D:12)
  A trapdoor spider (D:15)
  3 wyverns
  4 redbacks (Lair:8)
  Sigmund (D:2)
  12 spriggans
  31 yaks
  5 basilisks
  7 vampire mosquitoes
  2 deep elf magi
  Eustachio (D:5)
  2 steam dragons
  2 fire bats (Volcano)
  5 hogs (D:12)
  12 hungry ghosts
  4 insubstantial wisps
  25 wolves
  7 hippogriffs
  5 wargs
  4 nagas (Lair:5)
  2 soldier ants
  19 water moccasins
  11 black bears
  12 ice beasts
  48 orc warriors
  7 porcupines
  An eye of draining (D:13)
  2 necrophages (D:8)
  4 sky beasts
  14 ogres
  A phantom (D:11)
  5 wasps
  20 centaurs
  33 crocodiles
  19 giant frogs
  A gnoll sergeant (D:5)
  3 wyvern skeletons
  6 scorpions
  A water moccasin skeleton (D:9)
  4 electric eels
  13 wights
  9 killer bees
  3 draconian simulacra (IceCv)
  A centaur zombie (D:5)
  8 crimson imps
  7 giant frog zombies
  2 lava snakes (Volcano)
  A gnoll shaman (D:8)
  7 hounds
  16 iguanas
  A quasit (D:11)
  5 centaur skeletons
  4 giant frog skeletons
  40 orc priests
  6 jellies
  45 orc wizards
  An iron imp (D:5)
  A troll simulacrum (IceCv)
  2 spriggan simulacra (IceCv)
  11 worker ants
  A centaur simulacrum (IceCv)
  12 sheep
  A hound zombie (D:7)
  2 naga simulacra (IceCv)
  A worker ant zombie (D:11)
  13 adders
  28 river rats
  An ogre simulacrum (IceCv)
  2 shadow imps
  14 gnolls
  An ooze (D:6)
  2 adder skeletons
  6 adder zombies
  3 worms
  10 giant geckos
  237 orcs
  A ball python (D:1)
  8 bats
  7 giant cockroaches
  6 hobgoblins
  13 jackals
  5 kobolds
  8 quokkas
  A giant gecko skeleton (D:5)
  11 giant newts
  5 goblins
  A quokka skeleton (D:4)
  8 rats
  A fungus (Lair:7)
1125 creatures vanquished.

Vanquished Creatures (collateral kills)
  2 plants (Lair:5)
2 creatures vanquished.

Vanquished Creatures (others)
  An orc priest (Orc:4)
  An orc wizard (Orc:4)
  A briar patch (Swamp:1)
  A fulminant prism (Lair:8)
  8 fungi
  2 plants
14 creatures vanquished.

Grand Total: 1141 creatures vanquished

Notes
Turn   | Place    | Note
--------------------------------------------------------------
     0 | D:1      | patman the Octopode Fighter began the quest for the Orb.
     0 | D:1      | Reached XP level 1. HP: 16/16 MP: 1/1
   375 | D:1      | Reached XP level 2. HP: 21/21 MP: 2/2
   780 | D:2      | Noticed Sigmund
   787 | D:2      | Killed Sigmund
   787 | D:2      | Reached skill level 5 in Maces & Flails
   787 | D:2      | Reached XP level 3. HP: 17/26 MP: 3/3
   787 | D:2      | Reached XP level 4. HP: 20/31 MP: 4/4
   787 | D:2      | Reached XP level 5. HP: 23/36 MP: 5/5
  1103 | D:2      | You fall through a shaft for 2 floors!
  1108 | D:4      | Noticed an ogre
  1209 | D:4      | Reached skill level 6 in Maces & Flails
  1274 | D:4      | Reached XP level 6. HP: 36/42 MP: 6/6
  2278 | D:4      | Reached XP level 7. HP: 41/46 MP: 7/7
  2721 | D:4      | Found a shadowy altar of Dithmenos.
  2741 | D:4      | Found a stormy altar of Qazlal.
  3163 | D:5      | Entered Level 5 of the Dungeon
  3171 | D:5      | Reached skill level 5 in Dodging
  3203 | D:5      | Found a snail-covered altar of Cheibriados.
  3213 | D:5      | Reached skill level 5 in Shields
  3286 | D:5      | Noticed Grinder
  3289 | D:5      | Paralysed by Grinder for 5 turns
  3299 | D:5      | Killed Grinder
  3299 | D:5      | Reached XP level 8. HP: 52/52 MP: 8/8
  3558 | D:5      | Noticed Eustachio
  3703 | D:5      | Killed Eustachio
  3862 | D:5      | Found a burning altar of Makhleb.
  4046 | D:5      | Noticed Crazy Yiuf
  4185 | D:6      | Found an iron altar of Okawaru.
  4192 | D:6      | Became a worshipper of Warmaster Okawaru
  4296 | D:6      | Reached skill level 7 in Maces & Flails
  4306 | D:6      | Reached XP level 9. HP: 53/60 MP: 9/9
  4313 | D:6      | Reached skill level 5 in Fighting
  4984 | D:7      | Found a radiant altar of Vehumet.
  5028 | D:7      | Found a glowing golden altar of the Shining One.
  5057 | D:7      | Reached * piety under Okawaru
  5555 | D:7      | Found an opulent altar of Gozag.
  5669 | D:8      | Reached skill level 8 in Maces & Flails
  6284 | D:8      | Noticed a hill giant
  6487 | D:8      | Killed a hill giant
  6487 | D:8      | Reached ** piety under Okawaru
  6487 | D:8      | Reached XP level 10. HP: 63/68 MP: 8/10
  7066 | D:9      | Reached *** piety under Okawaru
  7201 | D:9      | Found a staircase to the Lair.
  7212 | D:9      | Found a shattered altar of Ashenzari.
  7489 | D:9      | Found Susouros's Food Shoppe.
  7651 | D:9      | Found a basalt altar of Yredelemnul.
  7652 | D:9      | Found a bloodstained altar of Trog.
  7977 | D:10     | Entered Level 10 of the Dungeon
  8114 | D:10     | Reached skill level 9 in Maces & Flails
  8141 | D:10     | Reached **** piety under Okawaru
  8362 | D:10     | Found a corrupted altar of Lugonu.
  8362 | D:10     | Noticed a rust devil
  8363 | D:10     | Noticed a rust devil
  8364 | D:10     | Noticed a hell beast
  8737 | D:10     | Reached XP level 11. HP: 77/77 MP: 11/11
  8766 | D:11     | Noticed Psyche
  8871 | Lair:1   | Entered Level 1 of the Lair of Beasts
  8910 | Lair:1   | Found a labyrinth entrance.
  8916 | Lab      | Entered a labyrinth
  9204 | Lab      | Reached skill level 10 in Maces & Flails
  9209 | Lab      | Reached ***** piety under Okawaru
  9395 | Lab      | Noticed a minotaur
  9411 | Lab      | Killed a minotaur
  9420 | Lab      | Identified Sif Muna's Disquisition on the Excruciating Snowflakes (You found it in a labyrinth)
 10049 | Lair:1   | Received a gift from Okawaru
 10141 | Lair:1   | Reached skill level 11 in Maces & Flails
 10480 | Lair:1   | Reached skill level 10 in Fighting
 10852 | Lair:2   | Noticed a six-headed hydra
 10887 | Lair:2   | Killed a six-headed hydra
 11084 | Lair:2   | Reached XP level 12. HP: 70/88 MP: 12/12
 11633 | Lair:3   | Reached skill level 12 in Maces & Flails
 11784 | Lair:3   | Noticed a five-headed hydra
 11979 | Lair:3   | Received a gift from Okawaru
 12303 | Lair:3   | Learned a level 1 spell: Apportation
 12306 | Lair:3   | Learned a level 2 spell: Blink
 12360 | Lair:3   | Reached skill level 10 in Dodging
 13761 | Lair:4   | Reached skill level 10 in Shields
 13913 | Lair:4   | Noticed a seven-headed hydra
 13922 | Lair:4   | Killed a seven-headed hydra
 14430 | Lair:5   | Noticed Rupert
 14523 | Lair:5   | Noticed a seven-headed hydra
 14549 | Lair:5   | Killed a seven-headed hydra
 14549 | Lair:5   | Reached XP level 13. HP: 63/94 MP: 10/13
 14623 | Lair:5   | Killed Rupert
 14641 | Lair:5   | Found a frozen archway.
 14724 | Lair:5   | Noticed Snorg
 14725 | IceCv    | Entered an ice cave
 15716 | IceCv    | Reached skill level 13 in Dodging
 15951 | Lair:5   | Killed Snorg
 16091 | Lair:5   | Upgraded the game from 0.18-a0-125-g4c9da24 to 0.18-a0-128-g78ce890
 16184 | Lair:5   | Reached ****** piety under Okawaru
 16210 | Lair:5   | Reached skill level 14 in Dodging
 16223 | Lair:5   | Received a gift from Okawaru
 17065 | Lair:5   | Found a staircase to the Snake Pit.
 17466 | Lair:6   | Found a staircase to the Slime Pits.
 17610 | Lair:6   | Reached skill level 15 in Dodging
 17617 | Lair:6   | Reached XP level 14. HP: 83/99 MP: 14/14
 17888 | Lair:6   | Found a staircase to the Swamp.
 18517 | Lair:6   | Received a gift from Okawaru
 18518 | Lair:6   | Got a crude hat {god gift}
 18529 | Lair:6   | Identified the +0 hat of Sin {rCorr Slay+5} (Okawaru gifted it to you on level 6 of the Lair of Beasts)
 19547 | Lair:8   | Entered Level 8 of the Lair of Beasts
 19606 | Lair:8   | Noticed wvc's ghost (journeyman NaWn)
 20440 | Lair:8   | Noticed Duffy's ghost (journeyman DECj)
 20606 | Lair:8   | Killed Duffy's ghost
 20606 | Lair:8   | Received a gift from Okawaru
 21226 | D:11     | Killed Psyche
 22203 | D:11     | Found a staircase to the Orcish Mines.
 22230 | D:11     | Reached XP level 15. HP: 69/110 MP: 15/15
 22806 | Orc:1    | Entered Level 1 of the Orcish Mines
 22815 | Orc:1    | Noticed Erica
 22833 | Orc:1    | Killed Erica
 22917 | Orc:1    | Found a dark tunnel.
 22923 | Volcano  | Entered a volcano
 22927 | Volcano  | Noticed nublet's ghost (journeyman OgGl)
 22954 | Volcano  | Noticed nublet's ghost (journeyman MiSk)
 22985 | Volcano  | Noticed Duffy's ghost (journeyman TeMo)
 23080 | Volcano  | Found a bloodstained altar of Trog.
 23373 | Volcano  | Killed nublet's ghost
 23471 | Orc:1    | Found a roughly hewn altar of Beogh.
 24188 | Orc:2    | Found Kaotouq's General Store.
 24204 | Orc:2    | Bought 2 potions of heal wounds for 130 gold pieces
 24204 | Orc:2    | Bought a scroll of fog for 26 gold pieces
 24938 | Orc:3    | Found a roughly hewn altar of Beogh.
 25185 | Orc:3    | Found a staircase to the Elven Halls.
 25388 | Orc:4    | Entered Level 4 of the Orcish Mines
 25390 | Orc:4    | Reached skill level 15 in Shields
 25479 | Orc:4    | Found a roughly hewn altar of Beogh.
 25532 | Orc:4    | Found a roughly hewn altar of Beogh.
 25785 | Orc:4    | Found a roughly hewn altar of Beogh.
 25801 | Orc:4    | Found Sacis's General Store.
 25806 | Orc:4    | Bought a scroll of blinking for 112 gold pieces
 25806 | Orc:4    | Bought 3 scrolls of teleportation for 135 gold pieces
 25964 | Orc:4    | Found a roughly hewn altar of Beogh.
 25964 | Orc:4    | Found Ciagrodukk's Armour Shoppe.
 26052 | Orc:4    | Found a roughly hewn altar of Beogh.
 26713 | Orc:4    | Found a roughly hewn altar of Beogh.
 26810 | Orc:4    | Found Jastis's Antique Armour Shoppe.
 26811 | Orc:4    | Found a roughly hewn altar of Beogh.
 26821 | Orc:4    | Found Ulier's Antique Weapon Emporium.
 26866 | Orc:4    | Found a roughly hewn altar of Beogh.
 26967 | Orc:4    | Bought a scroll of acquirement for 780 gold pieces
 26968 | Orc:4    | Got an ichor-stained broad axe
 26969 | Orc:4    | Identified the +6 broad axe "Pendulum" {chop, rC+ Dex+3} (You acquired it on level 4 of the Orcish Mines)
 26971 | Orc:4    | Bought a +3 ring of intelligence for 235 gold pieces
 27209 | D:12     | Noticed Kirke
 27365 | D:12     | Received a gift from Okawaru
 27515 | D:12     | Identified the Guide on Stones
 27691 | D:12     | Killed Kirke
 27784 | D:12     | Found Woofo's Weapon Boutique.
 27887 | D:12     | Found Joataxzo's Gadget Shop.
 28372 | D:13     | Noticed nublet's ghost (journeyman CeTm)
 28391 | D:13     | Killed nublet's ghost
 28421 | D:13     | Received a gift from Okawaru
 28428 | D:13     | Got a translucent morningstar {god gift}
 28429 | D:13     | Identified the +7 morningstar "Zatiarph" {antimagic, rElec Str+6 Dex+3} (Okawaru gifted it to you on level 13 of the Dungeon)
 28942 | D:13     | Reached XP level 16. HP: 120/120 MP: 8/16
 29168 | D:14     | Received a gift from Okawaru
 29730 | D:14     | Found a gate to the Vaults.
 30005 | D:15     | Entered Level 15 of the Dungeon
 30026 | D:15     | Found Dowo's Distillery.
 30029 | D:15     | Bought a potion of haste for 120 gold pieces
 30029 | D:15     | Bought a potion of invisibility for 96 gold pieces
 30029 | D:15     | Bought a potion of agility for 48 gold pieces
 30217 | D:15     | Noticed Roxanne
 30277 | D:15     | Killed Roxanne
 30279 | D:15     | Identified Roxanne's Reference Book on Mutagenic Clay (You took it off Roxanne on level 15 of the Dungeon)
 30371 | D:15     | Received a gift from Okawaru
 30421 | D:15     | Noticed Louise
 30425 | D:15     | Cast into the Abyss (Louise)
 30439 | D:15     | Escaped the Abyss
 30447 | D:15     | Killed Louise
 30447 | D:15     | Reached skill level 15 in Maces & Flails
 30830 | D:15     | Found a staircase to the Depths.
 31113 | D:15     | Upgraded the game from 0.18-a0-128-g78ce890 to 0.18-a0-183-gad09a0e
 31537 | Swamp:1  | Entered Level 1 of the Swamp
 31605 | Swamp:1  | Noticed a thorn hunter
 31862 | Swamp:1  | Killed from afar by a thorn hunter

Vault maps used:
D:1:      enne_arrival_octagon_isle
D:2:      uniq_sigmund
D:4:      amethyst_overflow_temple_binary, first_bread
D:5:      cheibriados_altar_1, makhleb_grotto_becter, kennysheep_small_circle,
          uniq_eustachio, uniq_grinder, uniq_crazy_yiuf_cottage
D:6:      minmay_temple_entry_from_below_b, serial_corexii_hall,
          corexii_hall_statues_x, corexii_hall_statues_l,
          minmay_misc_feat_square, okawaru_trees_1
D:7:      old_standard_altar, basic_altar, grunt_gozag_statues
D:8:      the_bakery
D:9:      gammafunk_temple_overflow_statue, lair_0_dummy, serial_shops, shop,
          nicolae_lava_and_water, evilmike_ruin_ashenzari
D:10:     lemuel_hellish_altar
D:11:     hiddenorc2_lemuel, uniq_psyche
D:12:     serial_shops, shop, shop, minmay_radiant, uniq_kirke
D:14:     grunt_vaults_entry_tiered, patterned_corridor
D:15:     grunt_enter_depths_snipers, serial_shops, nicolae_shop_behind_doors,
          abandoned_shop, uniq_roxanne, uniq_louise
Lair:1:   lab_entry_generic, st_stairs_12
Lair:3:   lemuel_reptile_caves, minmay_stone_trees_small
Lair:4:   serial_bayou_crossing
Lair:5:   minmay_snake_entry_guardpost_medium, portal_ice_cave_entry_ice_beasts,
          uniq_snorg, uniq_rupert
Lair:6:   swamp_mist, minmay_slime_entry_pillars,
          grunt_forest_large_clearing_hut
Lair:7:   serial_bayou_pond_d
Lair:8:   minmay_lair_end_enchanted_forest
Swamp:1:  evilmike_swamp_ruin_house_6, swamp_pool4
Orc:1:    enter_volcano_2, basic_altar, uniq_erica
Orc:2:    nicolae_orc_accident_1, serial_shops, shop_statue,
          nicolae_orc_damp_corner
Orc:3:    nicolae_orc_pool_cavern, mines1_david
Orc:4:    grunt_orc_community_town_hall, grunt_orc_community_big_house_1,
          grunt_orc_community_big_house_2, grunt_orc_community_house_2,
          grunt_orc_community_house_2, grunt_orc_community_house_1,
          grunt_orc_community_house_2, grunt_orc_community_house_1,
          grunt_orc_community_house_1
Lab:      labyrinth_hidden_loot, nicolae_lab_blocks, nicolae_lab_t_cross,
          nicolae_lab_dead_end, lab_hedge, nicolae_lab_very_dead_end,
          labyrinth_skeletal_remains
IceCv:    ice_cave_tombish
Volcano:  volcano_lake

Action                   |  1- 3 |  4- 6 |  7- 9 | 10-12 | 13-15 | 16-18 || total
-------------------------+-------+-------+-------+-------+-------+-------++-------
Melee: Flail             |     9 |       |    17 |       |   221 |       ||   247
       Whip              |    20 |   102 |   252 |   858 |  1696 |       ||  2928
       Morningstar       |       |       |       |       |    90 |   336 ||   426
Throw: Javelin           |       |       |     9 |     8 |     7 |       ||    24
       Stone             |       |       |       |     3 |     9 |       ||    12
Invok: Heroism           |       |       |     1 |     2 |    17 |     4 ||    24
Evoke: Wand              |       |       |     1 |    11 |    22 |       ||    34
  Use: Scroll            |     3 |     2 |     8 |    10 |    21 |       ||    44
       Potion            |       |     1 |     3 |     1 |     2 |       ||     7
 Stab: Sleeping          |     5 |    10 |     8 |    27 |    24 |     6 ||    80
       Distracted        |       |       |       |     2 |     2 |     2 ||     6
  Eat: Chunk             |       |     4 |    12 |    16 |    32 |       ||    64
       Pizza             |       |       |     1 |       |     1 |       ||     2
       Meat ration       |       |       |       |     3 |     3 |       ||     6
       Bread ration      |       |       |       |     1 |     3 |     1 ||     5
       Royal jelly       |       |       |       |     1 |     1 |     2 ||     4
       Beef jerky        |       |       |       |     1 |     3 |       ||     4
